 Dungeon Crawl Stone Soup version 0.20-a0-303-g575bbf7 (webtiles) character file.

18 esc the Cudgeler (level 2, 7/19 HPs)
             Began as a Tengu Abyssal Knight on Dec 17, 2016.
             Was a Follower of Lugonu.
             Quit the game on level 1 of the Dungeon.
             The game lasted 00:00:52 (438 turns).

esc the Cudgeler (Tengu Abyssal Knight)              Turns: 438, Time: 00:00:53

Health: 7/19       AC:  3    Str: 10 (12) XL:     2   Next: 66%
Magic:  4/4        EV: 11    Int:  9 (12) God:    Lugonu [*.....]
Gold:   66         SH:  0    Dex: 10 (13) Spells: 1/1 levels left

rFire  . . .     SeeInvis .     a - +1 mace
rCold  . . .     Gourm    .     b - +0 leather armour
rNeg   . . .     Faith    .     (no shield)
rPois  .         Spirit   .     (helmet restricted)
rElec  .         Reflect  .     (no cloak)
rCorr  .         Harm     .     (no gloves)
MR     .....                    (boots unavailable)
Stlth  +.........               (no amulet)
                                (no ring)
                                (no ring)

@: lethally poisoned (7 -> -8)
A: beak, talons 3
a: Depart the Abyss, Renounce Religion


You were on level 1 of the Dungeon.
You worshipped Lugonu.
Lugonu was aware of your devotion.
You were not hungry.

You visited 1 branch of the dungeon, and saw 1 of its levels.
You visited the Abyss 1 time.

You collected 66 gold pieces.

Inventory:

Hand Weapons
 a - a +1 mace (weapon)
Missiles
 e - 24 stones (quivered)
Armour
 b - a +0 leather armour (worn)
Scrolls
 f - a scroll of teleportation {unknown}
 g - a scroll of fog {unknown}
 h - 2 scrolls of remove curse {unknown}
 i - a scroll of identify {unknown}
Comestibles
 c - a bread ration {@e1}


   Skills:
 - Level 3.0 Fighting
 + Level 3.4 Maces & Flails
 - Level 2.1 Armour
 - Level 1.1 Dodging
 - Level 1.5 Invocations


You had one spell level left.
You didn't know any spells.

Dungeon Overview and Level Annotations

Branches:
Dungeon (1/15)

Altars:


Innate Abilities, Weirdness & Mutations

You have a beak for a mouth.
You have claws for feet.


Message History

No target in view!
No target in view!
No target in view!
No target in view!
No target in view!
No target in view!
No target in view!
No target in view!
No target in view!
No target in view!
No target in view!
No target in view!
No target in view!
No target in view!
No target in view!
You see here a kobold corpse.
You butcher the kobold corpse.
You see here 2 inedible chunks of flesh {@w0}.
You now have 48 gold pieces (gained 16).
You now have 54 gold pieces (gained 6).
There is an open door here.
e - 24 stones (gained 1)
There is an open door here.
You now have 66 gold pieces (gained 12).
i - a scroll labeled LUOCUNG SUEHU You see here a club.
There is an open door here.
Found a stone staircase leading down.
h - 2 scrolls labeled TUOGRIT JAE (gained 1)
A giant cockroach comes into view.
The giant cockroach bites you but does no damage.
You hit the giant cockroach but do no damage.
The giant cockroach bites you.
You take 1 damage, and have 18/19 hp.
You hit the giant cockroach. You peck the giant cockroach.
The giant cockroach bites you but does no damage.
You hit the giant cockroach.
You kill the giant cockroach!
Lugonu accepts your kill.
No target in view!
No target in view!
No target in view!
No target in view!
No target in view!
No target in view!
A goblin comes into view.
Health restored: 19 The goblin shouts!
You barely miss the goblin. Your kick misses the goblin.
The goblin hits you but does no damage.
You hit the goblin. The goblin barely misses you.
A kobold comes into view. It is wielding a dagger of venom.
You closely miss the goblin.
The kobold shouts!
You peck the goblin.
You kill the goblin!
Lugonu accepts your kill.
The kobold throws a stone.
The stone hits you but does no damage.
A goblin comes into view. It is wielding a club.
The goblin moves out of view.
The kobold throws a stone.
The stone closely misses you.
The kobold throws a stone.
The stone barely misses you.
A bat comes into view.
The kobold throws a stone.
The stone barely misses you.
A dart slug comes into view.
The goblin shouts!
The kobold throws a stone.
The stone barely misses you.
You see here a stone.
The bat hits you. The kobold closely misses you.
You closely miss the kobold. You claw the kobold. You peck the kobold.
The bat hits you but does no damage. The kobold closely misses you.
The goblin barely misses you.
The kobold hits you with a dagger of venom.
You are poisoned.
You hit the kobold but do no damage.
You feel sick. The bat hits you but does no damage.
The goblin barely misses you. The kobold hits you but does no damage.
You are lethally poisoned!
The goblin completely misses you.
You take 5 damage, and have 14/19 hp.
MASSIVE DAMAGE!!
Unknown command.
You feel sick. The bat hits you but does no damage.
You see here a stone.
You take 2 damage, and have 12/19 hp.
It was a potion of degeneration.
There was something very wrong with that liquid.
You feel weakened.
You feel dopey.
You feel clumsy.
You feel sick. The bat barely misses you. The kobold barely misses you.
You take 1 damage, and have 11/19 hp.
Unknown command.
Unknown command.
You feel sick. The bat barely misses you.
You take 2 damage, and have 9/19 hp.
You miss the bat. Your peck misses the bat.
You feel sick. The bat hits you but does no damage.
The goblin hits you with a club.
You take 2 damage, and have 7/19 hp.
You aren't carrying any potions.

##..###################
.......................
#......#..##########.#
##......#...# ##.#
.......(#.#.## #...
####..#(#.#..# ###...
#..#.#.##.#####.....
##b..#.##..)<.).#...
#.@##.########.#...
##g##.# #....# #Kw#.#
###### .........#.#
#.... .(.........#
#.### ........#..# #.#
........#.!# #.#
........#."# #.#
...........# #.#


You could see a dart slug, a goblin, a bat and a kobold.

Vanquished Creatures
  2 giant cockroaches (D:1)
  A goblin (D:1)
  2 hobgoblins (D:1)
  4 jackals (D:1)
  3 kobolds (D:1)
  A frilled lizard (D:1)
  A rat (D:1)
14 creatures vanquished.

Notes
Turn   | Place    | Note
-------+----------+-------------------------------------------
     0 | Abyss:1  | esc the Tengu Abyssal Knight began the quest for the Orb.
     0 | Abyss:1  | Reached XP level 1. HP: 14/14 MP: 3/3
    21 | D:1      | Escaped the Abyss
    45 | D:1      | Reached XP level 2. HP: 9/19 MP: 4/4
    46 | D:1      | Reached skill level 3 in Maces & Flails
   438 | D:1      | Quit the game

Vault maps used:
D:1:      dpeg_arrival_tiny_i

Skill      XL: |  1  2 |
---------------+-------+-----
Maces & Flails | 3 |  3.4
Fighting       | |  3.0
Armour         | |  2.1
Dodging        | |  1.1
Invocations    | |  1.5

Action                   || total
-------------------------++-------
Melee: Mace              ||    34
       Kick              ||     8
       Peck              ||     6
  Use: Potion            ||     1
Armor: Leather armour    ||    13
Dodge: Dodged            ||    34

Vault maps used:
D:1:      dpeg_arrival_tiny_i

Table legend:
 A = Turns spent in this place as a percentage of turns spent in the entire game.
 B = Non-inter-level travel turns spent in this place as a percentage of non-inter-level travel turns spent in the entire game.
 C = Inter-level travel turns spent in this place as a percentage of turns spent in this place.
 D = Turns resting spent in this place as a percentage of non-inter-level travel turns spent in this place.
 E = Turns spent auto-exploring this place as a percentage of non-inter-level travel turns spent in this place.
 F = Non-inter-level travel turns spent in this place divided by the number of levels of this place that you've seen.
                   A       B       C       D       E      F
               +-------+-------+-------+-------+-------+----------------------
         Total | 100.0 | 100.0 |   0.0 |   2.3 |   7.6 |  86.0
       Dungeon |  88.4 |  88.4 |   0.0 |   2.6 |   7.9 | 152.0
         Abyss |  11.6 |  11.6 |   0.0 |   0.0 |   5.0 |  20.0
               +-------+-------+-------+-------+-------+----------------------

Table legend:
 A = Kills in this place as a percentage of kills in entire the game.
 B = Kills by you in this place as a percentage of kills by you in the entire game.
 C = Kills by friends in this place as a percentage of kills by friends in the entire game.
 D = Other kills in this place as a percentage of other kills in the entire game.
 E = Experience gained in this place as a percentage of experience gained in the entire game.
 F = Experience gained in this place divided by the number of levels of this place that you have seen.
                   A       B       C       D       E      F
               +-------+-------+-------+-------+-------+----------------------
         Total | 100.0 | 100.0 |  -nan |  -nan | 100.0 |  13.0
       Dungeon | 100.0 | 100.0 |  -nan |  -nan | 100.0 |  26.0
               +-------+-------+-------+-------+-------+----------------------
